 Dungeon Crawl Stone Soup version 0.29.0-4-gdea44cf6ec (webtiles) character file.

Game seed: 9624936780702950643

1023 qw the Cleaver (level 8, -10/46 HPs)
             Began as a Tengu Warper on Aug 28, 2022.
             Was an Initiate of Okawaru.
             Mangled by Maggie
             ... wielding a +3 broad axe
              (15 damage)
             ... on level 6 of the Dungeon.
             The game lasted 00:00:41 (6681 turns).

qw the Cleaver (Tengu Warper)                       Turns: 6681, Time: 00:00:41

Health: -10/46     AC:  9    Str: 13    XL:     8   Next: 22%
Magic:  12/12      EV:  7    Int: 14    God:    Okawaru [......]
Gold:   377        SH:  4    Dex: 14    Spells: 11/11 levels left

rFire   . . .      SeeInvis .   Y - +0 war axe
rCold   + . .      Faith    .   e - +0 buckler
rNeg    . . .      Spirit   .   h - +0 chain mail
rPois   .          Reflect  .   (helmet restricted)
rElec   .          Harm     .   (no cloak)
rCorr   .          Rampage  .   (no gloves)
Will    .....                   (boots unavailable)
Stlth   ..........              (no amulet)
HPRegen 0.15/turn               a - ring of protection from cold
MPRegen 0.13/turn               (no ring)

@: about to teleport, flying quickly and evasively, quick
A: beak, talons 3, nimble flight
a: Renounce Religion


You were on level 6 of the Dungeon.
You worshipped Okawaru.
Okawaru was noncommittal.
You visited 2 branches of the dungeon, and saw 7 of its levels.
You also visited: Sewer.

You collected 377 gold pieces.


Innate Abilities, Weirdness & Mutations

You have a beak for a mouth.
You have claws for feet.
Your magical nature lets you fly swiftly and evasively.


   Skills:
 - Level 3.0 Fighting
 - Level 9.0 Axes
 - Level 1.0 Throwing
 - Level 2.9 Armour
 - Level 3.5 Dodging
 + Level 1.4 Shields
 - Level 2.0 Spellcasting
 - Level 2.4 Translocations


You had 11 spell levels left.
You didn't know any spells.
Your spell library contained the following spells:

 Spells                   Type           Power      Damage    Failure   Level
 Blink                    Tloc           16%        N/A       99%         2
 Gell's Gravitas          Tloc           8%         N/A       100%        3
 Lesser Beckoning         Tloc           8%         N/A       100%        3
 Teleport Other           Tloc           8%         N/A       100%        3
 Manifold Assault         Tloc           8%         N/A       100%        5

Inventory:

Hand Weapons
 g - a +0 flail
 Y - a +0 war axe (weapon)
Armour
 d - a +0 pair of gloves
 e - a +0 buckler (worn)
 h - a +0 chain mail (worn)
 j - a +0 cloak
Jewellery
 a - a ring of protection from cold (left hand)
Scrolls
 k - a scroll of identify
 l - a scroll of enchant weapon {unknown}
Potions
 b - a potion of curing
 f - a potion of mutation
 o - a potion of cancellation {unknown}

Dungeon Overview and Level Annotations

Branches:
Dungeon (6/15)             Temple (1/1) D:5           Sewer (visited)

Altars:
Ashenzari
Cheibriados
Dithmenos
Elyvilon
Fedhas
Gozag
Kikubaaqudgha
Makhleb
Nemelex Xobeh
Okawaru
Qazlal
Ru
Sif Muna
Trog
Uskayaw
Vehumet
Wu Jian
Xom
Yredelemnul
Zin
The Shining One

Annotations:
D:6 Maggie


Message History

HP restored.
There is a stone staircase leading down here.
Maggie shouts!
You closely miss Maggie. Your kick misses Maggie. Your peck misses Maggie.
Maggie is lightly wounded.
Maggie hits you but does no damage.
You slash Maggie! You claw Maggie!
Maggie is moderately wounded.
You block Maggie's attack. Maggie closely misses you.
You closely miss Maggie. You claw Maggie.
Maggie is moderately wounded.
Maggie casts a spell at you. The bolt of fire hits you!!
Ouch! That really hurt!
You barely miss Maggie. You claw Maggie. Your peck misses Maggie.
Maggie is heavily wounded.
You block Maggie's attack.
You closely miss Maggie. Your kick misses Maggie. Your peck misses Maggie.
Maggie is heavily wounded.
Maggie hits you with a +3 broad axe.
You barely miss Maggie. You claw Maggie. You peck Maggie, but do no damage.
Maggie is heavily wounded.
Maggie hits you with a +3 broad axe.
You hit Maggie but do no damage. You peck Maggie.
Maggie is heavily wounded.
Maggie points at you and mumbles some strange words.
The bolt of fire hits you but does no damage.
You closely miss Maggie. You claw Maggie, but do no damage.
You peck Maggie, but do no damage.
Maggie is heavily wounded.
Maggie points at you and mumbles some strange words.
The bolt of fire hits you.
You barely miss Maggie. You claw Maggie.
Maggie is heavily wounded.
Maggie hits you with a +3 broad axe!
6681 ||| READING scroll of teleportation.
As you read the scroll of teleportation, it crumbles to dust.
You feel strangely unstable. Maggie hits you with a +3 broad axe!
You die...

#. #. ######.
#......
#.#....
#.#.### #.#.#
#.#########
#.#.#
#...@@....#
#.#.#
#########.#
###...###
#.####.....##.
#....>........
######.##.####
#.##.# #.##.#
#.##.#
#.##.####


You could see Maggie.

Vanquished Creatures
  An ice beast (D:6)
  An ogre (D:5)
  2 kobold brigands (Sewer)
  A necrophage (D:3)
  2 scorpions
  3 hounds
  3 orc priests
  A jelly (D:6)
  3 iguanas (D:5)
  2 orc wizards
  6 adders
  3 river rats
  A white imp (D:5)
  4 dart slugs
  15 orcs
  2 bats (D:1)
  7 endoplasms
  2 giant cockroaches
  8 goblins
  8 hobgoblins
  6 jackals
  6 quokkas
  7 ball pythons
  2 frilled lizards
  9 kobolds
  11 rats
116 creatures vanquished.

Vanquished Creatures (others)
  7 fungi (D:2)
  5 toadstools (D:2)
12 creatures vanquished.

Grand Total: 128 creatures vanquished

Notes
Turn   | Place    | Note
-------+----------+-------------------------------------------
     0 | D:1      | qw the Tengu Warper began the quest for the Orb.
     0 | D:1      | Reached XP level 1. HP: 12/12 MP: 4/4
     0 | D:1      | 0 ||| qw: Version: 0.1-a-89-g26bdef1
     0 | D:1      | 0 ||| qw: Game counter: 2663
     0 | D:1      | 0 ||| qw: Always use a shield: true
     0 | D:1      | 0 ||| qw: God list: Okawaru
     0 | D:1      | 0 ||| qw: Allow faded altars: false
     0 | D:1      | 0 ||| qw: Do Orc after D:15 true
     0 | D:1      | 0 ||| qw: Do second Lair branch before Depths: true
     0 | D:1      | 0 ||| qw: Lair rune preference: random
     0 | D:1      | 0 ||| qw: Plans: Normal
     0 | D:1      | 0 ||| PLANNING D:1-11
   124 | D:1      | Reached skill level 3 in Axes
   124 | D:1      | Reached XP level 2. HP: 11/17 MP: 6/6
   608 | D:1      | 608 ||| Stepping ~*~*~tactically~*~*~ (hiding).
   715 | D:1      | 715 ||| Stepping ~*~*~tactically~*~*~ (hiding).
   825 | D:1      | 825 ||| Stepping ~*~*~tactically~*~*~ (stealth).
   828 | D:1      | 828 ||| Stepping ~*~*~tactically~*~*~ (stealth).
   838 | D:1      | 838 ||| Stepping ~*~*~tactically~*~*~ (stealth).
   841 | D:1      | Reached XP level 3. HP: 14/21 MP: 7/7
  1049 | D:1      | 1049 ||| UPGRADING to +0 scale mail.
  1059 | D:1      | 1059 ||| DROPPING +0 leather armour.
  1060 | D:1      | 1060 ||| READING scroll labelled PAINUUN RE YTI.
  1061 | D:1      | 1061 ||| READING scroll labelled JEOFET XYXAEKLUDD.
  1066 | D:1      | 1066 ||| READING 4 scrolls labelled HAENIA FATUMP.
  1067 | D:1      | 1067 ||| READING 2 scrolls labelled XIZXI LONTE.
  1068 | D:1      | 1068 ||| DRINKING 2 golden potions.
  1069 | D:1      | 1069 ||| READING 3 scrolls of identify.
  1069 | D:1      | 1069 ||| IDENTIFYING metallic inky potion
  1070 | D:1      | 1070 ||| READING 2 scrolls of identify.
  1070 | D:1      | 1070 ||| IDENTIFYING black potion
  1071 | D:1      | 1071 ||| DROPPING scroll of blinking.
  1072 | D:1      | 1072 ||| DROPPING potion of attraction.
  1073 | D:1      | 1073 ||| DROPPING potion of flight.
  1074 | D:1      | 1074 ||| DROPPING scroll of noise.
  1125 | D:2      | Reached skill level 4 in Axes
  1178 | D:2      | 1178 ||| Stepping ~*~*~tactically~*~*~ (stealth).
  1228 | D:2      | 1228 ||| Stepping ~*~*~tactically~*~*~ (stealth).
  1245 | D:2      | Found a faded altar of an unknown god.
  1301 | D:2      | Identified the +1 ring mail "Ygozar" {rElec}
  1521 | D:2      | Reached XP level 4. HP: 26/26 MP: 8/8
  1753 | D:2      | Reached skill level 5 in Axes
  1763 | D:2      | 1763 ||| UPGRADING to +1 ring mail "Ygozar" {rElec}.
  1773 | D:2      | 1773 ||| DROPPING amulet of faith.
  1774 | D:2      | 1774 ||| READING 2 scrolls labelled XAGICE BIPS.
  1775 | D:2      | 1775 ||| READING scroll labelled FUIROI JUREXUE.
  1776 | D:2      | 1776 ||| READING 2 scrolls labelled JYTATY CINT.
  1777 | D:2      | 1777 ||| READING scroll labelled YCWEGE VOLIU.
  1778 | D:2      | 1778 ||| READING scroll labelled QEIDEI QUME.
  1779 | D:2      | 1779 ||| DRINKING 2 amethyst potions.
  1780 | D:2      | 1780 ||| READING 3 scrolls of identify.
  1780 | D:2      | 1780 ||| IDENTIFYING orange potion
  1781 | D:2      | 1781 ||| READING 2 scrolls of identify.
  1781 | D:2      | 1781 ||| IDENTIFYING sedimented grey potion
  1782 | D:2      | 1782 ||| DROPPING scroll of butterflies.
  1783 | D:2      | 1783 ||| DROPPING scroll of magic mapping.
  1784 | D:2      | 1784 ||| DROPPING potion of lignification.
  1822 | D:3      | 1822 ||| PLANNING SEWER
  1903 | D:3      | 1903 ||| Stepping ~*~*~tactically~*~*~ (stealth).
  1906 | D:3      | 1906 ||| Stepping ~*~*~tactically~*~*~ (stealth).
  1915 | D:3      | Gained mutation: Your magical nature lets you fly swiftly
                  | and evasively. [Tengu growth]
  1915 | D:3      | Reached XP level 5. HP: 19/30 MP: 9/9
  1921 | D:3      | 1921 ||| FLEEEEING.
  1926 | D:3      | 1926 ||| FLEEEEING.
  1927 | D:3      | 1927 ||| FLEEEEING.
  1928 | D:3      | 1928 ||| FLEEEEING.
  1929 | D:3      | 1929 ||| FLEEEEING.
  1935 | D:3      | 1935 ||| FLEEEEING.
  1936 | D:3      | 1936 ||| FLEEEEING.
  1937 | D:3      | 1937 ||| FLEEEEING.
  1938 | D:3      | 1938 ||| FLEEEEING.
  1939 | D:3      | 1939 ||| FLEEEEING.
  1940 | D:3      | 1940 ||| FLEEEEING.
  1941 | D:3      | 1941 ||| FLEEEEING.
  1942 | D:3      | 1942 ||| FLEEEEING.
  1943 | D:3      | 1943 ||| FLEEEEING.
  1948 | D:3      | 1948 ||| STAIRDANCE
  2079 | D:3      | 2079 ||| STAIRDANCE
  2153 | D:3      | 2153 ||| Stepping ~*~*~tactically~*~*~ (stealth).
  2193 | D:3      | Reached skill level 6 in Axes
  2361 | D:3      | Found a glowing drain.
  2370 | Sewer    | Entered a sewer
  2391 | Sewer    | Reached XP level 6. HP: 27/35 MP: 10/10
  2510 | Sewer    | 2510 ||| Stepping ~*~*~tactically~*~*~ (stealth).
  2528 | Sewer    | Reached skill level 7 in Axes
  2540 | Sewer    | Reached skill level 3 in Fighting
  2764 | Sewer    | 2764 ||| DROPPING +0 mace.
  2781 | Sewer    | Found a glowing silver altar of Zin.
  2786 | Sewer    | 2786 ||| UPGRADING to ring of protection from cold.
  2816 | D:3      | 2816 ||| PLANNING D:1-11
  2824 | D:3      | 2824 ||| Stepping ~*~*~tactically~*~*~ (stealth).
  2825 | D:3      | 2825 ||| Stepping ~*~*~tactically~*~*~ (stealth).
  2827 | D:3      | 2827 ||| Stepping ~*~*~tactically~*~*~ (stealth).
  2830 | D:3      | 2830 ||| Stepping ~*~*~tactically~*~*~ (hiding).
  2945 | D:3      | 2945 ||| DROPPING +0 whip of freezing.
  3045 | D:3      | Found a radiant altar of Vehumet.
  3277 | D:3      | 3277 ||| Stepping ~*~*~tactically~*~*~ (stealth).
  3278 | D:3      | 3278 ||| Stepping ~*~*~tactically~*~*~ (stealth).
  3318 | D:3      | 3318 ||| DRINKING 2 potions of curing.
  3318 | D:3      | 3318 ||| (to cure confusion)
  3324 | D:3      | Reached XP level 7. HP: 22/41 MP: 11/11
  3581 | D:3      | 3581 ||| SWAPPING to +0 war axe.
  3582 | D:3      | 3582 ||| DROPPING +0 hand axe.
  3594 | D:3      | 3594 ||| READING scroll labelled QAODGHAIMME.
  3595 | D:3      | 3595 ||| READING 2 scrolls of identify.
  3595 | D:3      | 3595 ||| IDENTIFYING yellow potion
  3596 | D:3      | 3596 ||| DROPPING potion of degeneration.
  3703 | D:4      | Reached skill level 8 in Axes
  3717 | D:4      | 3717 ||| Stepping ~*~*~tactically~*~*~ (hiding).
  3952 | D:4      | 3952 ||| Stepping ~*~*~tactically~*~*~ (hiding).
  4576 | D:4      | 4576 ||| READING 2 scrolls of identify.
  4576 | D:4      | 4576 ||| IDENTIFYING sedimented clear potion
  4577 | D:4      | 4577 ||| DROPPING potion of brilliance.
  4612 | D:5      | Entered Level 5 of the Dungeon
  4692 | D:5      | Found a staircase to the Ecumenical Temple.
  4693 | D:5      | 4693 ||| PLANNING TEMPLE
  4699 | Temple   | Entered the Ecumenical Temple
  4819 | Temple   | Became a worshipper of Warmaster Okawaru
  5099 | Temple   | 5099 ||| PLANNING D:1-11
  5169 | D:5      | 5169 ||| Stepping ~*~*~tactically~*~*~ (stealth).
  5187 | D:5      | Reached skill level 3 in Dodging
  5199 | D:5      | 5199 ||| FLEEEEING.
  5200 | D:5      | 5200 ||| FLEEEEING.
  5312 | D:5      | 5312 ||| Stepping ~*~*~tactically~*~*~ (stealth).
  5325 | D:5      | 5325 ||| FLEEEEING.
  5424 | D:5      | 5424 ||| Stepping ~*~*~tactically~*~*~ (hiding).
  6009 | D:5      | Reached skill level 9 in Axes
  6009 | D:5      | Reached XP level 8. HP: 46/46 MP: 12/12
  6118 | D:5      | 6118 ||| UPGRADING to +0 buckler.
  6123 | D:5      | 6123 ||| UPGRADING to +0 chain mail.
  6133 | D:5      | 6133 ||| DROPPING +1 ring mail "Ygozar" {rElec}.
  6134 | D:5      | 6134 ||| DROPPING +0 scale mail.
  6245 | D:6      | Reached skill level 1 in Shields
  6484 | D:6      | Noticed Maggie
  6488 | D:6      | HP: 6/46 [Maggie/+3 broad axe (8)]
  6489 | D:6      | 6489 ||| READING 2 scrolls of teleportation.
  6490 | D:6      | 6490 ||| DRINKING 2 potions of heal wounds.
  6492 | D:6      | 6492 ||| DRINKING potion of heal wounds.
  6680 | D:6      | HP: 5/46 [Maggie/+3 broad axe (7)]
  6681 | D:6      | 6681 ||| READING scroll of teleportation.
  6681 | D:6      | Mangled by Maggie

Levels and vault maps discovered:
D:1:      minmay_arrival_semitransparent, layout_rooms, minmay_pentomino_s2
D:2:      layout_loops_ring, chequers_ecumenical_altar_simple,
          grunt_ministairs_5, minmay_gold_behind_fungi, minmay_misc_feat_doors,
          nrook_campfire
D:3:      layout_basic, vehumet_altar_wand_db, portal_sewer_entry_a
D:4:      layout_loops_corners
D:5:      layout_basic, minmay_temple_entry_arrows
D:6:      layout_loops_ring, uniq_maggie
Temple:   mainiacjoe_temple_big_plus

Skill      XL: |  1  2  3  4  5  6  7  8 |
---------------+-------------------------+-----
Axes           | 3 4 5 6 7 9 |  9.0
Fighting       | 3 |  3.0
Dodging        | 3 |  3.5
Shields        | 1 |  1.4
Armour         | 2 |  2.9
Throwing       | |  1.0
Spellcasting   | |  2.0
Translocations | |  2.4

Action                   |  1- 3 |  4- 6 |  7- 9 || total
-------------------------+-------+-------+-------++-------
Melee: Hand axe          |    59 |   157 |       ||   216
       Peck              |     7 |    29 |    23 ||    59
       Punch             |     1 |     2 |     4 ||     7
       Kick              |    11 |    45 |    39 ||    95
       War axe           |       |       |   129 ||   129
Throw: Boomerang         |     7 |       |       ||     7
  Use: Scroll            |     6 |     7 |     5 ||    18
       Potion            |     1 |     2 |     2 ||     5
Armor: Leather armour    |     6 |       |       ||     6
       Scale mail        |     9 |     6 |       ||    15
       Ring mail         |       |    24 |    22 ||    46
       Chain mail        |       |       |    13 ||    13
Dodge: Dodged            |    25 |    81 |    59 ||   165
Block: Buckler           |       |       |     5 ||     5

Table legend:
 A = Non-vault XP
 B = Vault XP
 C = Vault XP percentage of total XP
 D = Non-vault monster count
 E = Vault monster count
 F = Vault count percentage of total count
                 A         B        C        D         E       F
            +---------+---------+-------+---------+---------+-------
      Total |    1190 |     272 |  18.6 |      94 |      22 |  19.0
            +---------+---------+-------+---------+---------+-------
        D:1 |      39 |       2 |   4.9 |      21 |       1 |   4.5
        D:2 |      67 |      15 |  18.3 |      12 |       2 |  14.3
        D:3 |     268 |      18 |   6.3 |      30 |       5 |  14.3
        D:4 |     117 |       0 |   0.0 |      14 |       0 |   0.0
        D:5 |     445 |       0 |   0.0 |      13 |       0 |   0.0
        D:6 |     254 |       0 |   0.0 |       4 |       0 |   0.0
      Sewer |       0 |     237 | 100.0 |       0 |      14 | 100.0
            +---------+---------+-------+---------+---------+-------
